 Dungeon Crawl Stone Soup version 0.21-a0-440-g28109cb (webtiles) character file.

467 theanonym the Cutter (level 6, 2/30 HPs)
             Began as a Spriggan Warper on Nov 11, 2017.
             Quit the game on level 4 of the Dungeon.
             The game lasted 00:21:42 (7723 turns).

theanonym the Cutter (Spriggan Warper)              Turns: 7723, Time: 00:21:43

Health: 2/30       AC:  2    Str:  7    XL:     6   Next: 81%
Magic:  3/11       EV: 19    Int: 16    God:
Gold:   250        SH:  5    Dex: 16    Spells: 1/11 levels left

rFire    . . .     SeeInvis +   a - +0 short sword
rCold    . . .     Gourm    .   (shield restricted)
rNeg     . . .     Faith    .   d - +0 robe
rPois    .         Spirit   .   (helmet restricted)
rElec    .         Reflect  +   (no cloak)
rCorr    .         Harm     .   (gloves unavailable)
MR       +....                  (boots unavailable)
Stlth    ++........             z - +5 amulet of reflection
HPRegen  0.10/turn              n - ring of wizardry {Wiz+}
MPRegen  0.12/turn              (no ring)

@: very quick
A: unfitting armour, see invisible, herbivore 3, speed 3, slow metabolism 2
a: no special abilities


Innate Abilities, Weirdness & Mutations

You are very small and have problems with some larger weapons.
You are too small for most types of armour.
You have supernaturally acute eyesight. (SInv)
You are a herbivore.
You cover ground extremely quickly.
You need consume almost no food.


   Skills:
 - Level 1.5 Fighting
 * Level 7.1 Short Blades
 - Level 1.0 Throwing
 - Level 3.5 Dodging
 - Level 1.5 Stealth
 - Level 3.3 Spellcasting
 + Level 0.0 Hexes
 - Level 6.0 Translocations


You had one spell level left.
You knew the following spells:

 Your Spells              Type           Power        Failure   Level  Hunger
a - Blink                 Tloc           N/A          1%          2    ##.....
b - Shroud of Golubria    Chrm/Tloc      ##........   3%          2    ##.....
c - Teleport Other        Tloc           ###.....     1%          3    ###....
d - Confuse               Hex            #.......     22%         3    ###....

Skill      XL: |  1  2  3  4  5  6 |
---------------+-------------------+-----
Short Blades   | 3 4 5 6 7 |  7.1
Stealth        | 1 |  1.5
Translocations | 5 6 |  6.0
Spellcasting   | 3 |  3.3
Fighting       | |  1.5
Throwing       | |  1.0
Dodging        | |  3.5

Action                   |  1- 3 |  4- 6 || total
-------------------------+-------+-------++-------
Melee: Short sword       |   219 |   441 ||   660
       Dagger            |    14 |    27 ||    41
Throw: Tomahawk          |       |    15 ||    15
 Cast: Shroud of Golubri |     8 |    34 ||    42
       Blink             |     1 |       ||     1
       Teleport Other    |       |    10 ||    10
       Confuse           |       |     2 ||     2
  Use: Potion            |     1 |       ||     1
       Scroll            |     1 |     1 ||     2
 Stab: Sleeping          |     3 |     4 ||     7
  Eat: Bread ration      |     1 |     1 ||     2
Armor: Robe              |    22 |    16 ||    38
Dodge: Dodged            |   175 |   288 ||   463
Block: Other             |       |    52 ||    52

Inventory:

Hand Weapons
 a - a +0 short sword (weapon)
 l - a +0 dagger
   (You took it off a goblin on level 1 of the Dungeon)
 p - a +0 dagger of draining
   (You took it off an orc on level 2 of the Dungeon)
Missiles
 e - 5 tomahawks of dispersal
 k - 6 steel tomahawks (quivered)
 u - 3 tomahawks
 w - a throwing net
Armour
 d - a +0 robe (worn)
 B - a +2 buckler
   (You found it on level 4 of the Dungeon)
Jewellery
 n - a ring of wizardry (left hand) {Wiz+}
   (You found it on level 2 of the Dungeon)
 z - a +5 amulet of reflection (around neck)
   (You found it on level 4 of the Dungeon)
Wands
 g - a wand of enslavement (10/24)
   (You found it on level 2 of the Dungeon)
Scrolls
 b - 3 scrolls of blinking
 f - 2 scrolls of remove curse {unknown}
 h - 2 scrolls of teleportation {unknown}
 m - 2 scrolls of immolation {unknown}
 r - 4 scrolls of identify
 t - a scroll of enchant weapon {unknown}
 v - a scroll of fog {unknown}
 C - 2 scrolls of fear {unknown}
 D - a scroll of magic mapping {unknown}
 F - a scroll of enchant armour {unknown}
Potions
 i - a potion of cancellation {unknown}
 j - a potion of ambrosia {unknown}
 o - a potion of might {unknown}
 q - 2 potions of curing {unknown}
 x - a potion of lignification {unknown}
 A - a potion of mutation {unknown}
 E - a potion of brilliance {unknown}
 G - a potion of invisibility {unknown}
Books
 c - a book of Spatial Translocations

   Spells                             Type                      Level
   a - Blink                          Translocation                2
   b - Shroud of Golubria             Charms/Translocation         2
   c - Lesser Beckoning               Translocation                3
   d - Gell's Gravitas                Translocation                3
   e - Teleport Other                 Translocation                3
   f - Passage of Golubria            Translocation                4
 y - a book of Misfortune
   (You found it on level 3 of the Dungeon)

   Spells                             Type                      Level
   a - Confusing Touch                Hexes                        1
   b - Confuse                        Hexes                        3
   c - Gell's Gravitas                Translocation                3
   d - Petrify                        Transmutation/Earth          4
   e - Metabolic Englaciation         Hexes/Ice                    5
   f - Yara's Violent Unravelling     Hexes/Transmutation          5
Comestibles
 s - 3 royal jellies

Dungeon Overview and Level Annotations

Branches:
Dungeon (5/15)
 Temple: D:4-7

Altars:
Gozag
Trog
Wu Jian
Yredelemnul

Annotations:
D:3 exclusion: moth of wrath
D:5 exclusion: centaur, Pikel


You were on level 4 of the Dungeon.
You were not hungry.

You visited 1 branch of the dungeon, and saw 5 of its levels.

You collected 250 gold pieces.


Message History

There is an open door here.
Aim: an iguana (almost dead)
You throw a steel tomahawk. The steel tomahawk hits the iguana.
You kill the iguana!
k - 6 steel tomahawks (gained 1)
There is an open door here.
You start resting.
Your shroud begins to fray at the edges.
You start resting.
MP restored: 11 You start resting.
Your shroud unravels.
You start resting.
Health restored: 30
Okay, then.
Unknown command.
Memorise Confuse, consuming 3 spell levels and leaving 1?
You start memorising the spell.
You continue memorising. x3
You finish memorising.
Spell assigned to 'd'.
Unknown command.
G - a glowing coppery potion Key pressed, stopping explore.
You see here a club.
There is an open door here.
Found a dagger.
A two-headed ogre comes into view.
It is wielding a giant spiked club and a giant club.
A two-headed ogre is nearby!
A two-headed ogre is nearby!
The two-headed ogre is too close now for your liking.
Unknown command.
A sky beast comes into view.
The slave shouts!
You hear a shout!
The sky beast flickers out of sight for a moment.
You closely miss the phantom. The phantom misses you.
You hit the phantom. The phantom hits you!
You take 10 damage, and have 20/30 hp.
MASSIVE DAMAGE!!
Space distorts slightly along a thin shroud covering your body.
The phantom hits you.
* * * LOW HITPOINT WARNING * * *
Your shroud falls apart!
The phantom blinks!
You take 5 damage, and have 15/30 hp.
You now have 9/11 mp.
There is a stone staircase leading up here.
You climb upwards.
There is a stone staircase leading down here.
You see here a mace.
There is a stone staircase leading down here.
MP restored: 11 You start resting.
Health restored: 30 You climb downwards.
Level annotation: exclusion: centaur, Pikel
There is a stone staircase leading up here.
Pikel shouts!
Pikel is too close now for your liking.
Pikel is nearby!
Space distorts slightly along a thin shroud covering your body.
You now have 9/11 mp.
Unknown command.
Aim: Pikel, wielding a whip of freezing and wearing a robe (chance to defeat MR: 34%) Pikel appears confused.
Pikel hits you but does no damage.
You now have 6/11 mp.
You hit Pikel but do no damage. You hit Pikel. You hit Pikel.
Pikel seems less confused.
Pikel hits you with a whip of freezing!
Your shroud falls apart!
Pikel freezes you.
* * * LOW HITPOINT WARNING * * *
You take 17 damage, and have 13/30 hp.
MASSIVE DAMAGE!!
You are too injured to fight recklessly!
You are too injured to fight recklessly!
You are too injured to fight recklessly!
You are too injured to fight recklessly!
Space distorts slightly along a thin shroud covering your body.
* * * LOW MAGIC WARNING * * *
You now have 4/11 mp.
Unknown command.
Aim: Pikel, wielding a whip of freezing and wearing a robe (lightly wounded, chance to defeat MR: 34%) Pikel appears confused.
* * * LOW MAGIC WARNING * * *
Pikel covers his eyes.
You now have 2/11 mp.
Pikel closely misses the slave.
You hit Pikel but do no damage.
Pikel seems less confused.
You hit Pikel but do no damage. Pikel completely misses you.
You don't have enough magic to cast that spell.
Unknown command.
You closely miss Pikel. Pikel waves a pair of manacles at you.
Pikel hits you with a whip of freezing!
* * * LOW HITPOINT WARNING * * *
Your shroud falls apart!
Pikel freezes you.
* * * LOW HITPOINT WARNING * * *
You take 11 damage, and have 2/30 hp.
MASSIVE DAMAGE!!
There is a stone staircase leading up here.
The centaur shouts!
You climb upwards.
There is a stone staircase leading down here.

###.......# #..###.#
..........# #....#.#
..........#####.##.#.#
.....................#
..............#..#.###
..#..............#.##
.....#..............#
...........##...##..#
..............[)@...#
(..........##..####.#
.#.........##.......#
...........##.#######
...........##.#
....##.#....#.#
..#.##.#.####.#
.....#........#
.....#........#


There were no monsters in sight!

Notes
Turn   | Place    | Note
-------+----------+-------------------------------------------
     0 | D:1      | theanonym the Spriggan Warper began the quest for the Orb.
     0 | D:1      | Reached XP level 1. HP: 10/10 MP: 5/5
    14 | D:1      | HP: 4/10 [goblin/dagger (6)]
   338 | D:1      | HP: 5/10 [hobgoblin (3)]
   343 | D:1      | HP: 1/10 [hobgoblin (4)]
   344 | D:1      | Reached skill level 3 in Short Blades
   344 | D:1      | Reached XP level 2. HP: 2/14 MP: 6/6
   348 | D:1      | Learned a level 2 spell: Blink
   387 | D:1      | HP: 1/14 [jackal (2)]
   406 | D:1      | HP: 7/14 [jackal (1)]
   577 | D:1      | HP: 7/14 [leopard gecko (4)]
   598 | D:1      | HP: 4/14 [leopard gecko (4)]
  1086 | D:1      | Learned a level 2 spell: Shroud of Golubria
  1208 | D:1      | Reached XP level 3. HP: 14/18 MP: 2/8
  1343 | D:1      | Reached skill level 4 in Short Blades
  1670 | D:2      | theanonym: !lg * killer=theanonym's_ghost
  1670 | D:2      | beem: 4. Qupu the Cudgeler (L8 GrFi), slain by theanonym's ghost on D:6 on 2017-11-05 10:50:35, with 1568 points after 3943 turns and 0:13:15.
  1670 | D:2      | theanonym: !lg * killer=theanonym's_ghost -log
  1670 | D:2      | beem: 4. Qupu, XL8 GrFi, T:3943: http://crawl.xtahua.com/crawl/morgue/Qupu/morgue-Qupu-20171105-105035.txt
  1682 | D:2      | Learned a level 3 spell: Teleport Other
  1708 | D:2      | HP: 8/18 [worm (10)]
  1710 | D:2      | HP: 3/18 [worm (5)]
  2013 | D:2      | HP: 7/18 [worm (11)]
  2015 | D:2      | HP: 3/18 [worm (4)]
  2384 | D:2      | Reached skill level 1 in Stealth
  2538 | D:2      | Found a basalt altar of Yredelemnul.
  2539 | D:2      | Found an ornate altar of the Wu Jian Council.
  2640 | D:2      | theanonym: !lg * urune=3 win spwr s=god
  2640 | D:2      | beem: 21 games for * (urune=3 win spwr): 5x Dithmenos, 3x Gozag, 2x Okawaru, 2x Ashenzari, 2x Nemelex Xobeh, 2x Sif Muna, , Pakellas, Kikubaaqudgha, Fedhas, Zin
  3007 | D:3      | Reached XP level 4. HP: 22/22 MP: 6/9
  3447 | D:3      | Noticed a moth of wrath
  3450 | D:3      | Found a bloodstained altar of Trog.
  3514 | D:3      | HP: 10/22 [worm (12)]
  3524 | D:3      | Reached skill level 5 in Translocations
  3763 | D:4      | HP: 11/22 [poisoned by a worker ant]
  3772 | D:4      | HP: 9/22 [poisoned by a worker ant]
  3779 | D:4      | HP: 8/22 [poisoned by a worker ant]
  3786 | D:4      | HP: 8/22 [poisoned by a worker ant]
  3792 | D:4      | HP: 7/22 [poisoned by a worker ant]
  4202 | D:4      | HP: 10/22 [orc wizard/magic dart (12)]
  4204 | D:4      | Reached skill level 5 in Short Blades
  4268 | D:4      | Reached XP level 5. HP: 15/25 MP: 6/10
  4702 | D:4      | HP: 12/25 [poisoned by a worker ant]
  4707 | D:4      | HP: 10/25 [poisoned by a worker ant]
  4714 | D:4      | HP: 9/25 [poisoned by a worker ant]
  4720 | D:4      | HP: 7/25 [poisoned by a worker ant]
  4728 | D:4      | HP: 6/25 [poisoned by a worker ant]
  5019 | D:4      | HP: 12/25 [worm (12)]
  5370 | D:4      | HP: 11/25 [worker ant (8)]
  5389 | D:4      | HP: 9/25 [worker ant (3)]
  5393 | D:4      | HP: 4/25 [worker ant (5)]
  5418 | D:4      | Reached skill level 6 in Short Blades
  5418 | D:4      | Reached skill level 6 in Translocations
  5675 | D:4      | Reached XP level 6. HP: 30/30 MP: 9/11
  5736 | D:4      | Found an opulent altar of Gozag.
  6022 | D:4      | Reached skill level 3 in Spellcasting
  6116 | D:5      | Entered Level 5 of the Dungeon
  6116 | D:5      | Noticed Pikel
  6116 | D:5      | Noticed a slave
  6116 | D:5      | Noticed a slave
  6116 | D:5      | Noticed a slave
  6116 | D:5      | Noticed a slave
  6138 | D:4      | HP: 14/30 [slave[Pikel] (5)]
  6446 | D:5      | HP: 10/30 [phantom (8)]
  6661 | D:5      | HP: 11/30 [phantom (6)]
  7105 | D:5      | Reached skill level 7 in Short Blades
  7140 | D:5      | HP: 8/30 [iguana (10)]
  7144 | D:5      | HP: 1/30 [iguana (7)]
  7437 | D:5      | Learned a level 3 spell: Confuse
  7472 | D:5      | Noticed a two-headed ogre
  7513 | D:5      | Noticed a sky beast
  7529 | D:5      | HP: 15/30 [phantom (5)]
  7704 | D:5      | HP: 13/30 [Pikel/whip of freezing (5)]
  7715 | D:5      | HP: 5/30 [Pikel/whip of freezing (9)]
  7715 | D:5      | HP: 2/30 [Pikel/whip of freezing (3)]
  7723 | D:4      | Quit the game

Vanquished Creatures
  A bullfrog (D:5)
  A scorpion (D:4)
  2 hounds (D:5)
  An orc wizard (D:4)
  An iguana (D:5)
  5 worker ants (D:4)
  An adder (D:3)
  An ooze (D:1)
  An adder skeleton (D:4)
  4 worms
  2 leopard geckos
  11 orcs
  8 bats
  4 giant cockroaches
  5 goblins
  8 hobgoblins
  16 jackals
  4 frilled lizards
  6 kobolds
  A quokka zombie (D:3)
  8 rats
91 creatures vanquished.
